 Dungeon Crawl Stone Soup version 0.29-a0-1023-g6ae1a4a2c7 (webtiles) character file.

Game seed: 8117260800972684074

18 BritishOli the Slasher (level 2, 0/23 HPs)
             Began as a Demonspawn Gladiator on Aug 11, 2022.
             Succumbed to an adder's poison
             ... on level 2 of the Dungeon.
             The game lasted 00:01:10 (1248 turns).

BritishOli the Slasher (Demonspawn Gladiator)       Turns: 1248, Time: 00:01:11

Health: 0/23       AC:  3    Str: 14    XL:     2   Next: 51%
Magic:  2/2        EV: 12    Int:  9    God:
Gold:   88         SH:  0    Dex: 14    Spells: 1/1 levels left

rFire   . . .      SeeInvis .   a - +0 long sword
rCold   . . .      Faith    .   (no shield)
rNeg    . . .      Spirit   .   b - +0 leather armour
rPois   .          Reflect  .   (helmet restricted)
rElec   .          Harm     .   (no cloak)
rCorr   .          Rampage  .   (no gloves)
Will    +....                   (no boots)
Stlth   +.........              (no amulet)
HPRegen 0.07/turn               (no ring)
MPRegen 0.08/turn               (no ring)

@: lethally poisoned (0 -> -2)
A: antennae 2, strong-willed 1, inability to drink while threatened 1,
MP-powered wands
a: no special abilities


You were on level 2 of the Dungeon.
You visited 1 branch of the dungeon, and saw 2 of its levels.

You collected 88 gold pieces.

Inventory:

Hand Weapons
 a - a +0 long sword (weapon)
Missiles
 d - 3 throwing nets (quivered)
 e - a javelin
Armour
 b - a +0 leather armour (worn)
 c - a +0 helmet
Jewellery
 h - a ring of wizardry
Scrolls
 f - a scroll of fear {unknown}
 i - 3 scrolls of identify {unknown}
 l - a scroll of enchant weapon {unknown}
 n - a scroll of teleportation {unknown}
Potions
 g - a potion of might {unknown}
 j - a potion of mutation
 k - a potion of resistance {unknown}
 m - a potion of brilliance {unknown}


   Skills:
 + Level 2.3 Fighting
 + Level 2.9 Long Blades
 + Level 2.0 Throwing
 + Level 2.9 Dodging


You had one spell level left.
You didn't know any spells.
Your spell library was empty.

Dungeon Overview and Level Annotations

Branches:
Dungeon (2/15)

Altars:


Innate Abilities, Weirdness & Mutations

You have a pair of antennae on your head.
You are strong-willed. (Will+)
You occasionally lose the ability to drink potions when taking damage.
You expend magic power (3 MP) to strengthen your wands.


Message History

An adder is nearby!
You hit the adder.
The adder is heavily wounded.
You feel sick. The adder bites you but does no damage.
An adder is nearby!
An adder is nearby!
You hit the adder but do no damage.
The adder is heavily wounded.
You feel sick. The adder bites you. x2
You are more poisoned.
The adder poisons you!
An adder is nearby!
You hit the adder but do no damage.
The adder is heavily wounded.
You feel sick. The adder completely misses you.
The adder bites you but does no damage.
An adder is nearby!
You are too injured to fight recklessly!
An adder is nearby!
You are too injured to fight recklessly!
You are too injured to fight recklessly!
You barely miss the adder.
The adder is heavily wounded.
You feel sick. The adder bites you.
* * * LOW HITPOINT WARNING * * *
You barely miss the adder.
The adder is heavily wounded.
* * * LOW HITPOINT WARNING * * *
You feel sick. The adder completely misses you. x2
You hit the adder.
The adder is heavily wounded.
* * * LOW HITPOINT WARNING * * *
You feel sick. The adder bites you.
* * * LOW HITPOINT WARNING * * *
It was a potion of mutation.
You feel extremely strange.
You feel your magical essence link to the dungeon's wands.
You feel strong-willed.
You occasionally lose the ability to drink potions when threatened.
The antennae on your head grow some more.
You die...

..# #......# ..# #......#
####### ..# ### #......#
#.....# ..# #.# #......#
#.....# ..# #.###......#
#.....##. ..#
#..........###........ .##
#.#####.##..........## .##
#.# #..#......#..###
..####.####..#.#@.........
...............S>.#.#......
.#####.#..........#.#......
.# #.#............# .....
.# #.#...........## .....
.. #.#............ ... .#.
#.#............. .##.
#.#..........##.. ..
..#........


You could see an adder.

Vanquished Creatures
  A bat (D:1)
  3 endoplasms
  2 giant cockroaches
  5 ball pythons
  2 frilled lizards (D:1)
  2 goblins (D:1)
  A kobold (D:1)
  2 rats (D:1)
18 creatures vanquished.

Notes
Turn   | Place    | Note
-------+----------+-------------------------------------------
     0 | D:1      | BritishOli the Demonspawn Gladiator began the quest for the
                  | Orb.
     0 | D:1      | Reached XP level 1. HP: 16/16 MP: 1/1
   643 | D:1      | Gained mutation: You have a pair of small antennae on your
                  | head. [demonic ancestry]
   643 | D:1      | Reached XP level 2. HP: 17/22 MP: 2/2
  1247 | D:2      | HP: 1/23 [adder (1)]
  1248 | D:2      | Gained mutation: You expend magic power (3 MP) to
                  | strengthen your wands. [potion of mutation]
  1248 | D:2      | Gained mutation: You are strong-willed. (Will+) [potion of
                  | mutation]
  1248 | D:2      | Gained mutation: You occasionally lose the ability to drink
                  | potions when taking damage. [potion of mutation]
  1248 | D:2      | Gained mutation: You have a pair of antennae on your head.
                  | [potion of mutation]
  1248 | D:2      | Succumbed to an adder's poison

Illustrated notes

Levels and vault maps discovered:
D:1:      lemuel_arrival_hallway, layout_loops_corners
D:2:      layout_rooms

Skill      XL: |  1  2 |
---------------+-------+-----
Throwing       | 2 |  2.0
Fighting       | |  2.3
Long Blades    | |  2.9
Dodging        | |  2.9

Action                   || total
-------------------------++-------
Melee: Long sword        ||    40
  Use: Potion            ||     1
 Stab: Sleeping          ||     1
Armor: Leather armour    ||     9
Dodge: Dodged            ||    28

Table legend: (Time is in decaauts)
 A = Elapsed time spent in this place.
 B = Non-inter-level travel time spent in this place.
 C = Inter-level travel time spent in this place.
 D = Time resting spent in this place.
 E = Time spent auto-exploring this place.
 F = Levels seen in this place.
 G = Mean time per level.
                   A        B        C        D        E       F      G
               +--------+--------+--------+--------+--------+-----+--------+
         Total |   1258 |   1210 |     48 |      0 |   1084 |   2 |  629.0 |
       Dungeon |   1258 |   1210 |     48 |      0 |   1084 |   2 |  629.0 |
               +--------+--------+--------+--------+--------+-----+--------+

Top non-repeatable levels by time:
     D:1: 1134 daAuts
     D:2: 124 daAuts
